 Dungeon Crawl Stone Soup version 0.29.1-15-g9cfb28693d (webtiles) character file.

Game seed: 513214843325416562

15859 Calibrex the Grappler (level 12, -24/122 HPs)
             Began as a Troll Fighter on Mar 29, 2023.
             Hit by a large rock thrown by a cyclops (42 damage)
             ... on level 12 of the Dungeon.
             The game lasted 00:29:57 (11179 turns).

Calibrex the Grappler (Troll Fighter)              Turns: 11179, Time: 00:29:58

Health: -24/122    AC:  8    Str: 31    XL:     12   Next: 4%
Magic:  11/11      EV:  7    Int:  8    God:
Gold:   662        SH: 14    Dex:  9    Spells: 11/11 levels left

rFire   + . .      SeeInvis .     - Unarmed
rCold   + . .      Faith    .   o - +0 tower shield
rNeg    . . .      Spirit   .   j - +2 robe "Luidoom" {rPois rCorr Str+4 Slay+2}
rPois   +          Reflect  .   (helmet restricted)
rElec   .          Harm     .   u - +1 cloak {rCorr}
rCorr   +          Rampage  .   (gloves unavailable)
Will    .....                   (boots unavailable)
Stlth   +.........              (no amulet)
HPRegen 1.10/turn               A - ring of protection from fire
MPRegen 0.12/turn               B - ring of protection from cold

@: mighty
A: large, unfitting armour, claws 3, regeneration 1, shaggy fur 1, tough skin 1
a: no special abilities


You were on level 12 of the Dungeon.
You visited 2 branches of the dungeon, and saw 13 of its levels.
You also visited: Bailey.

You collected 749 gold pieces.
You spent 87 gold pieces at shops.

Inventory:

Missiles
 d - 14 poisoned darts
 t - a javelin (quivered)
 w - 3 boomerangs
 E - 3 large rocks
Armour
 b - a +0 kite shield
 j - the +2 robe "Luidoom" (worn) {rPois rCorr Str+4 Slay+2}
   (You found it on level 12 of the Dungeon)

   Str:       It affects your strength (+4).
   Slay:      It affects your accuracy & damage with ranged weapons and melee
   (+2).
   rPois:     It protects you from poison.
   rCorr:     It protects you from acid and corrosion.
 o - a +0 tower shield (worn)
 p - a +2 robe of willpower
 u - a +1 cloak of preservation (worn)
Jewellery
 l - the ring "Bulacs" {rPois rCorr MP+9}
   (You found it on level 6 of the Dungeon)

   [ring of magical power]

   rPois:     It protects you from poison.
   MP:        It affects your magic capacity (+9).
   rCorr:     It protects you from acid and corrosion.
 s - a +6 ring of strength
 A - a ring of protection from fire (left claw)
 B - a ring of protection from cold (right claw)
 C - a ring of fire
Wands
 q - a wand of iceblast (9)
 v - a wand of charming (13)
 y - a wand of mindburst (3)
Scrolls
 a - a scroll of teleportation
 n - 2 scrolls of fog
 H - a scroll of acquirement {unknown}
Potions
 c - 5 potions of might
 e - a potion of ambrosia
 f - 9 potions of curing
 g - a potion of resistance {unknown}
 k - 2 potions of flight
 m - 5 potions of berserk rage
 r - a potion of invisibility
 x - a potion of haste {unknown}
 z - a potion of lignification {unknown}
 F - 2 potions of magic {unknown}
Miscellaneous
 i - a box of beasts (inert)


   Skills:
 + Level 8.8 Fighting
 - Level 2.4 Dodging
 + Level 9.6 Shields
 * Level 14.0 Unarmed Combat


You had 11 spell levels left.
You didn't know any spells.
Your spell library contained the following spells:

 Spells                   Type           Power      Damage    Failure   Level
 Apportation              Tloc           0%         N/A       88%         1
 Necrotise                Necr           0%         1d4       88%         1
 Summon Small Mammal      Summ           0%         N/A       88%         1
 Sublimation of Blood     Necr           0%         N/A       95%         2
 Wereblood                Tmut           0%         N/A       95%         2
 Dazzling Flash           Conj/Hex       0%         N/A       99%         3
 Ozocubu's Armour         Ice            0%         N/A       99%         3
 Portal Projectile        Hex/Tloc       0%         N/A       99%         3
 Stone Arrow              Conj/Erth      0%         3d7       99%         3
 Tukima's Dance           Hex            0%         N/A       99%         3
 Animate Armour           Summ/Erth      0%         N/A       100%        4
 Iskenderun's Mystic Bla  Conj/Tloc      0%         2d3       100%        4
 Petrify                  Tmut/Erth      0%         N/A       100%        4
 Blade Hands              Tmut           0%         N/A       100%        5
 Irradiate                Conj/Tmut      0%         3d11      100%        5
 Starburst                Conj/Fire      0%         6d3       100%        6
 Ozocubu's Refrigeration  Ice            0%         4d7       100%        7
 Summon Hydra             Summ           0%         N/A       100%        7
 Lehudib's Crystal Spear  Conj/Erth      0%         10d2      100%        8


Dungeon Overview and Level Annotations

Branches:
Dungeon (12/15)            Temple (1/1) D:7            Lair (0/5) D:9
    Orc (0/2) D:12         Bailey (visited)

Altars:
Ashenzari
Cheibriados
Dithmenos
Elyvilon
Fedhas
Gozag
Hepliaklqana
Kikubaaqudgha
Makhleb
Nemelex Xobeh
Okawaru
Qazlal
Ru
Sif Muna
Trog
Uskayaw
Vehumet
Wu Jian
Xom
Yredelemnul
Zin
The Shining One

Shops:
D:2 [   D:4 !   D:9 :

Annotations:
D:11 exclusion: door


Innate Abilities, Weirdness & Mutations

You are too large for most types of armour.
You have claws for hands.
Your natural rate of healing is unusually fast.
You are covered in fur. (AC +1)
You have tough skin. (AC +1)


Message History

You closely miss the orc warrior.
The orc shouts!
An orc comes into view. It is wielding a +0 flail.
The orc warrior hits you from afar with a +0 trident.
* * * LOW HITPOINT WARNING * * *
You block the orc's attack. You block the orc warrior's attack.
An orc warrior comes into view. It is wielding a +0 flail of draining.
You completely miss the orc warrior. You block the orc warrior's attack.
An orc comes into view. It is wielding a +0 whip.
The orc hits you with a +0 club.
* * * LOW HITPOINT WARNING * * *
The orc barely misses you.
The orc priest looks encouraged for a moment.
The orc warrior hits you with a +2 mace of holy wrath.
* * * LOW HITPOINT WARNING * * *
An orc comes into view. It is wielding a +0 mace.
Okay, then.
You mangle the orc warrior!!
You kill the orc warrior!
You block the orc warrior's attack. The orc hits you but does no damage.
An orc priest comes into view. It is wielding a +0 club.
You claw the orc!
You kill the orc!
Your surroundings suddenly seem different.
A centaur comes into view.
Found a ring mail and 23 gold pieces.
The centaur shouts!
The centaur wields a +0 shortbow.
The centaur shoots an arrow.
You block the arrow.
The centaur shoots an arrow.
You block the arrow.
You barely miss the centaur.
The centaur unwields a +0 shortbow.
The centaur hits you.
* * * LOW HITPOINT WARNING * * *
You block the centaur's attack.
You mangle the centaur!!
You kill the centaur!
You start resting.
A cyclops comes into view.
The cyclops throws a large rock.
The large rock hits you!!!
You die...

,,,,,,,,,*
#....~~~~~~~~~,,....#o
,,,,,,,,,*
#....~~~~~~~~~,,....8o
,,,,,,,,,*
#....C~~~~~~~###....oo
<,,,,,,,,*
#[.......~~.........8o
**********
#........~~.......oo#,
#........~#.....oo..##
#........##....ooo....
#........#*#...)).....
#....@)..# #.........>
#.......$# #.(........
#....##### #..........
#....# #..........
#....# #....)...##
###### #!.......#
#........# #........#
#........#


You could see a cyclops.

Vanquished Creatures
  Harold (D:11)
  Erica (D:8)
  A boulder beetle (D:12)
  2 two-headed ogres
  A deep elf pyromancer (D:12)
  2 ugly things
  An orc knight (Bailey)
  2 gargoyles
  A kobold demonologist (D:11)
  A komodo dragon (D:10)
  2 trolls (D:11)
  A hornet (D:9)
  A shadow (D:11)
  A water elemental (D:12)
  A vampire (D:11)
  Sigmund (D:3)
  4 wyverns
  20 yaks
  An acid dragon (D:10)
  A water moccasin (D:7)
  2 ice beasts (D:6)
  12 orc warriors
  An ogre (D:6)
  5 centaurs
  2 phantoms
  2 kobold brigands
  2 necrophages
  A gnoll sergeant (D:5)
  3 bullfrogs
  3 scorpions
  7 wights
  3 electric eels
  6 hounds
  A jelly (D:8)
  A gnoll bouda (D:5)
  5 orc priests
  5 iguanas
  Ijyb (D:4)
  7 orc wizards
  16 gnolls
  6 adders
  3 white imps
  An ufetubus (D:5)
  3 worms
  A dart slug (D:1)
  52 orcs
  9 endoplasms
  5 giant cockroaches
  7 goblins
  7 hobgoblins
  2 jackals (D:1)
  4 quokkas
  12 ball pythons
  7 bats
  4 frilled lizards
  19 kobolds
  4 rats
277 creatures vanquished.

Vanquished Creatures (collateral kills)
  A two-headed ogre (D:8)
  A cyclops (D:12)
  A wight (D:9)
  An electric eel (D:9)
  An orc priest (D:9)
  An orc wizard (D:9)
  4 orcs (D:9)
10 creatures vanquished.

Vanquished Creatures (others)
  An orc wizard (D:8)
  An orc (D:9)
2 creatures vanquished.

Grand Total: 289 creatures vanquished

Notes
Turn   | Place    | Note
-------+----------+-------------------------------------------
     0 | D:1      | Calibrex the Troll Fighter began the quest for the Orb.
     0 | D:1      | Reached XP level 1. HP: 22/22 MP: 0/0
     2 | D:1      | Noticed a demonspawn
     2 | D:1      | Noticed a naga
     4 | D:1      | Noticed a troll
     4 | D:1      | Noticed an octopode
     6 | D:1      | Noticed a meteoran
     6 | D:1      | Noticed a formicid
     8 | D:1      | Noticed a draconian
     8 | D:1      | Noticed a vampire
    10 | D:1      | Noticed an ogre
    10 | D:1      | Noticed a tengu
    12 | D:1      | Noticed a palentonga
    14 | D:1      | Noticed a minotaur
    16 | D:1      | Noticed a ghoul
    16 | D:1      | Noticed a felid
    18 | D:1      | Noticed a gargoyle
    18 | D:1      | Noticed an elf
    21 | D:1      | Noticed a human
    23 | D:1      | Noticed a vine stalker
    23 | D:1      | Noticed a merfolk
    25 | D:1      | Noticed a demigod
    25 | D:1      | Noticed a troll
    27 | D:1      | Noticed a draconian
    27 | D:1      | Noticed an ogre
    96 | D:1      | Reached XP level 2. HP: 29/29 MP: 1/1
   405 | D:1      | Reached XP level 3. HP: 36/36 MP: 2/2
   480 | D:1      | Reached skill level 3 in Unarmed Combat
   921 | D:2      | Found a faded altar of an unknown god.
  1061 | D:2      | Found Lidoang's Antique Armour Boutique.
  1070 | D:2      | Bought a glowing robe for 77 gold pieces
  1507 | D:3      | Noticed Sigmund
  1515 | D:3      | Killed Sigmund
  1516 | D:3      | Reached skill level 4 in Unarmed Combat
  1516 | D:3      | Reached XP level 4. HP: 41/45 MP: 3/3
  1516 | D:3      | Reached XP level 5. HP: 48/53 MP: 4/4
  1575 | D:3      | Found a glowing silver altar of Zin.
  1787 | D:3      | Reached XP level 6. HP: 44/61 MP: 5/5
  2244 | D:4      | Noticed Ijyb
  2254 | D:4      | Killed Ijyb
  2387 | D:4      | Reached skill level 5 in Unarmed Combat
  2847 | D:4      | Found Gangyduw's Distillery.
  2876 | D:4      | Bought a potion of degeneration for 10 gold pieces
  3082 | D:5      | Entered Level 5 of the Dungeon
  3110 | D:5      | Reached XP level 7. HP: 30/68 MP: 6/6
  3245 | D:5      | Identified the +1 leather armour of Valour {Dex+5 Stlth-}
  3350 | D:5      | Reached skill level 6 in Unarmed Combat
  3703 | D:5      | Reached skill level 5 in Shields
  3703 | D:5      | Reached XP level 8. HP: 71/79 MP: 7/7
  3982 | D:6      | Reached skill level 7 in Unarmed Combat
  4053 | D:6      | Identified the ring "Bulacs" {rPois rCorr MP+9}
  4179 | D:6      | Reached skill level 5 in Fighting
  4563 | D:6      | Reached skill level 8 in Unarmed Combat
  5047 | D:7      | Reached XP level 9. HP: 44/88 MP: 8/8
  5238 | D:7      | Found an iron altar of Okawaru.
  5329 | D:7      | Found a staircase to the Ecumenical Temple.
  5341 | Temple   | Entered the Ecumenical Temple
  5826 | D:7      | Found an ancient bone altar of Kikubaaqudgha.
  6095 | D:8      | Noticed a two-headed ogre
  6109 | D:8      | Killed a two-headed ogre
  6110 | D:8      | Reached skill level 9 in Unarmed Combat
  6293 | D:8      | Noticed a purple ugly thing
  6301 | D:8      | Killed a purple ugly thing
  6302 | D:8      | Reached skill level 10 in Unarmed Combat
  6451 | D:8      | Reached XP level 10. HP: 91/100 MP: 9/9
  6582 | D:8      | Noticed Erica
  6589 | D:8      | Killed Erica
  6590 | D:8      | Reached skill level 11 in Unarmed Combat
  7036 | D:9      | Found a staircase to the Lair.
  7067 | D:9      | Found Joumy's Book Shop.
  7637 | D:10     | Entered Level 10 of the Dungeon
  7670 | D:10     | Noticed a gargoyle
  7674 | D:10     | Killed a gargoyle
  7675 | D:10     | Reached skill level 12 in Unarmed Combat
  7694 | D:10     | Noticed a two-headed ogre
  7698 | D:10     | Killed a two-headed ogre
  7699 | D:10     | Reached XP level 11. HP: 55/109 MP: 10/10
  7954 | D:10     | Found a flagged portal.
  7965 | Bailey   | Entered a bailey
  8143 | Bailey   | Noticed an orc knight
  8338 | Bailey   | Killed an orc knight
  8393 | Bailey   | Identified the +12 plate armour of Cameof {Will+ Str+9
                  | Slay-2 SInv}
  8437 | Bailey   | Identified the +1 pair of gloves of Starshine {Slay+5}
  9682 | D:11     | Noticed a white ugly thing
  9688 | D:11     | Killed a white ugly thing
  9872 | D:11     | Noticed Harold
  9890 | D:11     | Killed Harold
  9891 | D:11     | Reached skill level 13 in Unarmed Combat
 10101 | D:11     | HP: 5/111 [something (6)]
 10766 | D:12     | Noticed a two-headed ogre
 10782 | D:12     | Identified the +2 robe "Luidoom" {rPois rCorr Str+4 Slay+2}
 10796 | D:12     | Killed a two-headed ogre
 10972 | D:12     | Noticed a boulder beetle
 10989 | D:12     | Killed a boulder beetle
 11030 | D:12     | Noticed a deep elf pyromancer
 11038 | D:12     | Killed a deep elf pyromancer
 11148 | D:12     | Reached skill level 14 in Unarmed Combat
 11148 | D:12     | Reached XP level 12. HP: 80/122 MP: 11/11
 11179 | D:12     | Hit by a large rock thrown by a cyclops

Illustrated notes

Levels and vault maps discovered:
D:1:      kb_arrival_jail, layout_loops_ring, minmay_indecisive_spiral
D:2:      layout_basic, serial_shops, nicolae_shop_waterfront,
          chequers_ecumenical_altar_island, serial_park_tiny_pond
D:3:      minmay_diamond_boxcup, layout_basic, zin_statuary, uniq_sigmund
D:4:      layout_basic, serial_shops, shop, uniq_ijyb
D:5:      layout_loops_ring, minivault_1
D:6:      layout_gridville, eino_tiny_chamber
D:7:      layout_loops_corners, mainiacjoe_overflow_swirl,
          minmay_temple_entry_grid, small_statue_intersection
D:8:      layout_loops_ring, uniq_erica
D:9:      layout_roguey, lair_entry_dummy, chequers_serial_rivers_micro_a,
          nicolae_wooded_promenade
D:10:     layout_layer_cave, enter_bailey_6, kennysheep_small_circle
D:11:     layout_layer_cave, kennysheep_potato, uniq_harold
D:12:     layout_basic, david_orc_5
Temple:   nicolae_temple_bog_church

Skill      XL: |  1  2  3  4  5  6  7  8  9 10 11 |
---------------+----------------------------------+-----
Shields        | 3 4 5 6 7 8 9 |  9.6
Unarmed Combat | 4 5 6 8 10 12 14 | 14.0
Fighting       | 3 4 5 6 7 8 |  8.8
Dodging        | |  2.4

Action                   |  1- 3 |  4- 6 |  7- 9 | 10-12 || total
-------------------------+-------+-------+-------+-------++-------
Melee: Unarmed           |   103 |   134 |   274 |   322 ||   833
Throw: Javelin           |       |       |     3 |     1 ||     4
       Boomerang         |       |       |     7 |       ||     7
Evoke: Wand              |       |       |       |     8 ||     8
       Box of beasts     |       |       |       |     1 ||     1
  Use: Scroll            |       |     2 |     7 |    16 ||    25
       Potion            |       |       |       |     5 ||     5
 Stab: Sleeping          |       |     3 |       |       ||     3
       Invisible         |       |       |       |     2 ||     2
Armor: Robe              |    27 |    47 |    84 |    67 ||   225
Dodge: Dodged            |    25 |    34 |    61 |   100 ||   220
Block: Kite shield       |    34 |    48 |    94 |   122 ||   298
       Tower shield      |       |       |       |    34 ||    34
